 Dungeon Crawl Stone Soup version 0.17.0-24-gcfadda4 (webtiles) character file.

216 Banto the Ruffian (level 5, -1/54 HPs)
             Began as a Troll Chaos Knight on Nov 16, 2015.
             Slain by Grinder (7 damage)
             ... while paralysed by Grinder
             ... on level 4 of the Dungeon.
             The game lasted 00:03:46 (2116 turns).

Banto the Ruffian (Troll Chaos Knight)              Turns: 2116, Time: 00:03:46

Health: -1/54      AC:  7    Str: 20    XL:     5   Next: 61%
Magic:  4/4        EV:  1    Int:  8    God:    Xom [*.....]
Gold:   204        SH:  0    Dex: 10    Spells: 0 memorised, 4 levels left

rFire  . . .     SeeInvis .       - Unarmed
rCold  . . .     Clarity  .     a - +2 robe
rNeg   . . .     SustAt   .     (no shield)
rPois  +         Gourm    +     (helmet restricted)
rElec  .         Spirit   .     (no cloak)
rCorr  .         Warding  .     (gloves unavailable)
rMut   .         Stasis   .     (boots unavailable)
MR     .....                    (no amulet)
Stlth  +.........               (no ring)
                                d - ring of poison resistance

@: paralysed, lethally poisoned (-1 -> -1), not resistant to hostile
enchantments, very unstealthy
A: unfitting armour, claws 3, fast metabolism 3, gourmand, regeneration 2,
shaggy fur 1, tough skin 2
a: Renounce Religion


You were on level 4 of the Dungeon.
You worshipped Xom.
You were a special plaything of Xom.
You were very full.

You visited 1 branch of the dungeon, and saw 4 of its levels.

You collected 204 gold pieces.

Inventory:

Armour
 a - a +2 robe (worn)
Jewellery
 d - a ring of poison resistance (left claw)
Scrolls
 c - 3 scrolls of teleportation
 e - a scroll of fear {unknown}
 f - a scroll of random uselessness {unknown}
 i - 2 scrolls of enchant armour
 m - a scroll of remove curse
 n - a scroll of immolation
Potions
 j - a potion of haste
 k - a potion of might {unknown}
 l - a potion of beneficial mutation {unknown}
Comestibles
 b - 6 bread rations
 g - 3 fruits
 h - a meat ration


   Skills:
 + Level 4.1 Fighting
 - Level 1.9 Dodging
 + Level 4.9 Unarmed Combat


You had 4 spell levels left.
You didn't know any spells.

Dungeon Overview and Level Annotations

Branches:
Dungeon (4/15)
 Temple: D:4-7

Altars:
Ashenzari
Cheibriados
Qazlal
Ru
Sif Muna
Xom
Yredelemnul

Annotations:
D:4 Grinder


Innate Abilities, Weirdness & Mutations

You are too large for most types of armour.
You have claws for hands.
Your metabolism is lightning-fast.
You like to eat raw meat.
You heal very quickly.
You are covered in fur (AC +1).
You have very tough skin (AC +2).


Message History

Grinder gestures at you.
You suddenly lose the ability to move!
Grinder gestures at you. Pain shoots through your body!
* * * LOW HITPOINT WARNING * * *
You feel sick. Grinder gestures at you. Pain shoots through your body!
* * * LOW HITPOINT WARNING * * *
Grinder hits you but does no damage. Grinder hits you.
* * * LOW HITPOINT WARNING * * *
You writhe in agony. x2
Grinder hits you but does no damage.
You feel sick. Grinder hits you.
* * * LOW HITPOINT WARNING * * *
You writhe in agony. x2
Grinder hits you!
You die...
Xom roars with laughter!

......#####.# ####..#
#.# # ##..#####.#### #
#......##.##.##### #
#...##.##.#...##..
###...##.##......#.#####
............#...##.....
###.####.#####.###..#
#.# #.......5@...# #.#
#######.####.# ##># #+#
.# #..# .# ##.##### ..
.......# ## ##.....#
#######


You could see Grinder.

Vanquished Creatures
  An orc wizard (D:3)
  Terence (D:3)
  A worker ant (D:4)
  A hound skeleton (D:4)
  3 adders
  3 gnolls (D:3)
  An ooze (D:1)
  2 worms (D:3)
  3 giant geckos
  2 orcs (D:3)
  A ball python (D:3)
  5 bats
  5 giant cockroaches
  12 goblins
  7 hobgoblins
  5 kobolds
  2 quokkas
  3 giant newts (D:1)
  5 rats
63 creatures vanquished.

Notes
Turn   | Place    | Note
--------------------------------------------------------------
     0 | D:1      | Banto the Troll Chaos Knight began the quest for the Orb.
     0 | D:1      | Reached XP level 1. HP: 22/22 MP: 0/0
   129 | D:1      | Reached XP level 2. HP: 29/29 MP: 1/1
   177 | D:1      | XOM: harmless Erth miscast
   543 | D:1      | XOM: harmless Tloc miscast
   605 | D:1      | XOM: summons friendly quasit
   607 | D:1      | Reached XP level 3. HP: 37/37 MP: 2/2
   744 | D:2      | XOM: harmless Divn miscast
   764 | D:2      | Found a snail-covered altar of Cheibriados.
   853 | D:2      | Found a deep blue altar of Sif Muna.
   888 | D:2      | XOM: divination: detect items
  1132 | D:2      | XOM is BORED!
  1132 | D:2      | XOM: noise
  1192 | D:2      | Found a sacrificial altar of Ru.
  1201 | D:2      | Found a basalt altar of Yredelemnul.
  1391 | D:3      | Reached skill level 4 in Unarmed Combat
  1432 | D:3      | Found a shattered altar of Ashenzari.
  1449 | D:3      | Reached XP level 4. HP: 45/45 MP: 3/3
  1465 | D:3      | XOM: blink monster(s)
  1486 | D:3      | XOM: enchant monster (bad)
  1530 | D:3      | Noticed Terence
  1535 | D:3      | XOM: enchant monster (good)
  1540 | D:3      | Killed Terence
  1540 | D:3      | Reached XP level 5. HP: 48/54 MP: 4/4
  1805 | D:3      | Found a snail-covered altar of Cheibriados.
  1805 | D:3      | Found a stormy altar of Qazlal.
  1825 | D:3      | XOM: harmless Conj miscast
  1836 | D:3      | XOM: cast spell 'Olgreb's Toxic Radiance'
  1859 | D:3      | Found a shimmering altar of Xom.
  1859 | D:3      | Found a shimmering altar of Xom.
  1926 | D:3      | XOM: harmless Trmt miscast
  2091 | D:4      | Noticed Grinder
  2109 | D:4      | Paralysed by Grinder for 7 turns
  2116 | D:4      | Slain by Grinder

Action                   |  1- 3 |  4- 6 || total
-------------------------+-------+-------++-------
Melee: Unarmed           |   109 |    78 ||   187
  Use: Scroll            |     6 |     4 ||    10
 Stab: Sleeping          |     1 |       ||     1
  Eat: Chunk             |    17 |     7 ||    24
